 Dungeon Crawl Stone Soup version 0.28.0-53-g5a82cb258f (webtiles) character file.

Game seed: 5088598921798162509

4 hquester the Chucker (level 1, 19/19 HPs)
             Began as a Troll Hunter on May 30, 2022.
             Quit the game on level 1 of the Dungeon.
             The game lasted 00:01:09 (169 turns).

hquester the Chucker (Troll Hunter)                  Turns: 169, Time: 00:01:10

Health: 19/19      AC:  4    Str: 19    XL:     1   Next: 58%
Magic:  0/0        EV:  9    Int:  7    God:
Gold:   24         SH:  0    Dex: 10    Spells: 0/0 levels left

rFire   . . .      SeeInvis .   a - +0 short sword
rCold   . . .      Faith    .   (no shield)
rNeg    . . .      Spirit   .   b - +0 robe
rPois   .          Reflect  .   (helmet restricted)
rElec   .          Harm     .   (no cloak)
rCorr   .          Rampage  .   (gloves unavailable)
Will    .....                   (boots unavailable)
Stlth   +.........              (no amulet)
HPRegen 0.86/turn               (no ring)
MPRegen 0.07/turn               (no ring)

@: no status effects
A: large, unfitting armour, claws 3, regeneration 1, shaggy fur 1, tough skin 1
a: no special abilities


You were on level 1 of the Dungeon.
You visited 1 branch of the dungeon, and saw 1 of its levels.

You collected 24 gold pieces.

Inventory:

Hand Weapons
 a - a +0 short sword (weapon)
Missiles
 c - 5 large rocks (quivered)
 d - 2 throwing nets
Armour
 b - a +0 robe (worn)
Potions
 e - a potion of flight {unknown}
 f - a potion of curing {unknown}
 g - a potion of haste {unknown}


   Skills:
 * Level 1.5 Fighting
 - Level 3.9 Throwing
 + Level 1.5 Dodging
 + Level 0.3 Stealth


You couldn't memorise any spells.
You didn't know any spells.
Your spell library was empty.

Dungeon Overview and Level Annotations

Branches:
Dungeon (1/15)

Altars:


Innate Abilities, Weirdness & Mutations

You are too large for most types of armour.
You have claws for hands.
Your natural rate of healing is unusually fast.
You are covered in fur. (AC +1)
You have tough skin. (AC +1)


Message History

The rat barely misses you.
You hit the rat.
You kill the rat!
You see here a rat corpse.
The frilled lizard bites you but does no damage.
You hit the frilled lizard.
You kill the frilled lizard!
You now have 10 gold pieces.
A kobold comes into view. It is wielding a +0 short sword.
The kobold shouts!
You hit the kobold.
You kill the kobold!
Things that are here:
a +0 short sword; 3 stones A quokka comes into view.
A quokka is nearby!
You hit the quokka but do no damage. The quokka barely misses you.
You barely miss the quokka. The quokka misses you.
You hit the quokka.
The quokka is severely wounded.
The quokka barely misses you.
You hit the quokka.
You kill the quokka!
You see here a quokka corpse.
f - a metallic cyan potion
g - a silvery potion You now have 24 gold pieces (gained 14).
A goblin comes into view. It is wielding a +0 dagger.
The goblin shouts!
You barely miss the goblin. The goblin barely misses you.
You closely miss the goblin.
The goblin hits you but does no damage. x2
You hit the goblin but do no damage. The goblin hits you but does no damage.
You hit the goblin.
You kill the goblin!
You see here a +0 dagger.
Unknown command.
Are you sure you want to abandon this character and quit the game? (Confirm with "yes".)
Okay, then.
Unknown command.
Are you sure you want to abandon this character and quit the game? (Confirm with "yes".)

#.#..........#.#....#.# #.#.
##............##....#.# ####'
................#.....#######..#.
..................#..............
..........####.#.################
#######.######.#.# #........#.#
##########)# #@# #.# .#. .# #. .#
#. .# #. #. .# # #


There were no monsters in sight!

Vanquished Creatures
  A goblin (D:1)
  A quokka (D:1)
  A frilled lizard (D:1)
  A kobold (D:1)
  A rat (D:1)
5 creatures vanquished.

Notes
Turn   | Place    | Note
-------+----------+-------------------------------------------
     0 | D:1      | hquester the Troll Hunter began the quest for the Orb.
     0 | D:1      | Reached XP level 1. HP: 19/19 MP: 0/0
     2 | D:1      | Noticed a felid
     4 | D:1      | Noticed a naga
     4 | D:1      | Noticed a spriggan
     6 | D:1      | Noticed a tengu
     8 | D:1      | Noticed a minotaur
     8 | D:1      | Noticed a vampire
    10 | D:1      | Noticed a ghoul
    12 | D:1      | Noticed a draconian
    12 | D:1      | Noticed an elf
    14 | D:1      | Noticed an ogre
    14 | D:1      | Noticed a demonspawn
    16 | D:1      | Noticed a merfolk
    18 | D:1      | Noticed a troll
    18 | D:1      | Noticed a human
    20 | D:1      | Noticed a gargoyle
    20 | D:1      | Noticed a dwarf
    22 | D:1      | Noticed a formicid
    24 | D:1      | Noticed a vine stalker
    24 | D:1      | Noticed an octopode
    26 | D:1      | Noticed a demigod
   169 | D:1      | Quit the game

Illustrated notes

Levels and vault maps discovered:
D:1:      kb_arrival_jail, layout_loops_corners,
          chequers_ecumenical_altar_island, nrook_campfire,
          minmay_misc_feat_secret_circle

Action                   || total
-------------------------++-------
Melee: Short sword       ||    12
Armor: Robe              ||     5
Dodge: Dodged            ||     5
